 Dungeon Crawl Stone Soup version 0.28.0 (webtiles) character file.

Game seed: 2123577167503273758

486 pkoi the Conjurer (level 6, -2/45 HPs)
             Began as a Draconian Conjurer on Feb 8, 2022.
             Slain by an ogre (19 damage)
             ... on level 5 of the Dungeon.
             The game lasted 00:05:31 (6145 turns).

pkoi the Conjurer (Draconian Conjurer)              Turns: 6145, Time: 00:05:32

Health: -2/45      AC:  6    Str:  9    XL:     6   Next: 89%
Magic:  18/20      EV: 12    Int: 19    God:
Gold:   263        SH:  0    Dex: 13    Spells: 1/12 levels left

rFire   . . .      SeeInvis .   e - +2 short sword (venom)
rCold   . . .      Faith    .   (no shield)
rNeg    . . .      Spirit   .   (armour unavailable)
rPois   .          Reflect  .   (helmet restricted)
rElec   .          Harm     +   m - scarf {harm}
rCorr   .          Rampage  .   (no gloves)
Will    .....                   (no boots)
Stlth   +++.......              (no amulet)
HPRegen 0.15/turn               g - ring of Gabelafi {MP+9 Int-2 Dex+4 Stlth+}
MPRegen 0.17/turn               (no ring)

@: very slightly contaminated
A: AC +6, unfitting armour, cold-blooded
a: no special abilities


You were on level 5 of the Dungeon.
You visited 1 branch of the dungeon, and saw 5 of its levels.

You collected 263 gold pieces.

Inventory:

Hand Weapons
 b - a +1 war axe of freezing
 c - a +0 short sword
 e - a +2 short sword of venom (weapon)
Armour
 m - a scarf of harm (worn)
Jewellery
 g - the ring of Gabelafi (left hand) {MP+9 Int-2 Dex+4 Stlth+}
   (You acquired it on level 4 of the Dungeon)

   [ring of magical power]

   Int:       It affects your intelligence (-2).
   Dex:       It affects your dexterity (+4).
   MP:        It affects your magic capacity (+9).
   Stlth:     It makes you more stealthy.
Scrolls
 a - a scroll of magic mapping
Potions
 f - a potion of berserk rage {unknown}
 h - a potion of magic
 i - a potion of curing
 l - a potion of haste
 n - a potion of degeneration {unknown}
 o - a potion of heal wounds


   Skills:
 - Level 1.7 Dodging
 - Level 1.7 Stealth
 + Level 3.8 Spellcasting
 * Level 6.6 Conjurations
 + Level 2.5 Translocations
 + Level 1.2 Fire Magic


You had one spell level left.
You knew the following spells:

 Your Spells              Type           Power      Damage    Failure   Level
a - Magic Dart            Conj           100%       1d8       1%          1
b - Searing Ray           Conj           58%        2d6       1%          2
c - Iskenderun's Mystic   Conj/Tloc      21%        2d6       21%         4
d - Flame Wave            Conj/Fire      18%        2d6       28%         4

Your spell library contained the following spells:

 Spells                   Type           Power      Damage    Failure   Level
 Foxfire                  Conj/Fire      72%        2x1d7     2%          1
 Conjure Flame            Conj/Fire      18%        6-21      9%          3
 Dazzling Flash           Conj/Hex       32%        N/A       11%         3
 Gell's Gravitas          Tloc           13%        N/A       14%         3
 Teleport Other           Tloc           13%        N/A       14%         3
 Inner Flame              Hex/Fire       5%         N/A       32%         3
 Fulminant Prism          Conj/Hex       8%         3d7       34%         4
 Dispersal                Tloc           6%         N/A       100%        6


Dungeon Overview and Level Annotations

Branches:
Dungeon (5/15)
 Temple: D:4-7

Altars:
Zin

Annotations:
D:4 1 runed translucent door, jjjjhere's ghost, amateur HOBr


Innate Abilities, Weirdness & Mutations

Your plain brown scales are hard. (AC +6)
You cannot fit into any form of body armour.
You are cold-blooded and may be slowed by cold attacks.


Message History

The orc wizard is heavily wounded.
Casting: Magic Dart (safe; 1% risk of failure)
Confirm with . or Enter, or press ? or * to list all spells.
Aiming: Searing Ray (safe; 1% risk of failure)
Press: ? - help, Shift-Dir - straight line, f/p - orc wizard
Aim: an orc wizard, wielding a +0 dagger and wearing a +0 robe (heavily wounded, 74% to hit)
The searing ray hits the orc wizard.
The orc wizard is almost dead. (Press . to maintain the ray.)
The searing ray hits the orc wizard.
You kill the orc wizard!
An ogre comes into view. It is wielding a +0 giant spiked club.
An ogre is nearby!
An ogre is nearby!
You hear the slow hiss of a very distant avalanche of sand.
Magic restored.
Things that are here:
a +0 dagger; a +0 robe; an orc corpse An orc comes into view.
It is wielding a +0 short sword.
The orc shouts!
You closely miss the orc. The orc hits you but does no damage.
You hit the orc.
The orc is poisoned.
You tail-slap the orc.
You kill the orc!
You see here a +0 short sword.
Found a dagger.
The ogre shouts!
Casting: Searing Ray (safe; 1% risk of failure)
Confirm with . or Enter, or press ? or * to list all spells.
Aiming: Searing Ray (safe; 1% risk of failure)
Press: ? - help, Shift-Dir - straight line, f - ogre
Aim: an ogre, wielding a +0 giant spiked club (90% to hit)
You miscast Searing Ray.
You are very lightly contaminated with residual magic.
Nothing appears to happen.
Unknown command.
The ogre hits you with a +0 giant spiked club!!
Ouch! That really hurt!
* * * LOW HITPOINT WARNING * * *
The ogre hits you with a +0 giant spiked club!
You die...

# .# .#.### ...... .#
#####.#.... ..
#......... .#
###+#.#.#.#.### ##.#
#....O@........ ...#
#.....#..##.########...
#.....#................
.......#............).#.
##.)...#.#...##....)....
....##.#.....)..........
###. #.#.........####.#.
# #.#........## #.#.
#.#..###.# #.#.


You could see an ogre.

Vanquished Creatures
  2 scorpions (D:4)
  A centaur skeleton (D:4)
  Crazy Yiuf (D:3)
  A bullfrog skeleton (D:4)
  A gnoll shaman (D:4)
  2 orc wizards
  Terence (D:3)
  3 adders
  4 gnolls (D:4)
  An adder skeleton (D:4)
  2 worms (D:3)
  A dart slug (D:2)
  4 orcs
  5 bats
  11 endoplasms
  2 giant cockroaches
  7 hobgoblins
  2 jackals (D:3)
  9 kobolds
  6 quokkas
  5 ball pythons
  3 frilled lizards
  8 goblins
  6 rats
88 creatures vanquished.

Vanquished Creatures (others)
  An orc wizard (D:4)
  A plant (D:1)
2 creatures vanquished.

Grand Total: 90 creatures vanquished

Notes
Turn   | Place    | Note
-------+----------+-------------------------------------------
     0 | D:1      | pkoi the Draconian Conjurer began the quest for the Orb.
     0 | D:1      | Reached XP level 1. HP: 14/14 MP: 3/3
   633 | D:1      | Reached XP level 2. HP: 20/20 MP: 0/5
  1649 | D:1      | Reached XP level 3. HP: 26/26 MP: 2/6
  2563 | D:2      | Reached skill level 5 in Conjurations
  3130 | D:3      | Reached XP level 4. HP: 33/33 MP: 0/8
  3210 | D:3      | Learned a level 2 spell: Searing Ray
  3215 | D:3      | Learned a level 4 spell: Iskenderun's Mystic Blast
  3564 | D:3      | Identified the +2 scale mail of the Comet {Rampage rN++
                  | Str+3}
  3575 | D:3      | Found a runed translucent door.
  3576 | D:3      | Noticed Crazy Yiuf
  3663 | D:3      | Noticed Terence
  3674 | D:3      | Killed Terence
  4322 | D:3      | Found a glowing silver altar of Zin.
  4420 | D:3      | Killed Crazy Yiuf
  4421 | D:3      | Reached skill level 1 in Translocations
  4421 | D:3      | Reached XP level 5. HP: 38/38 MP: 3/9
  4524 | D:4      | Identified a scroll of acquirement
  4524 | D:4      | Acquired the ring of Gabelafi {MP+9 Int-2 Dex+4 Stlth+}
  4845 | D:4      | Reached skill level 6 in Conjurations
  4888 | D:4      | Reached XP level 6. HP: 45/45 MP: 11/11
  5093 | D:4      | Learned a level 4 spell: Flame Wave
  5551 | D:4      | Reached skill level 1 in Fire Magic
  5723 | D:4      | Found a runed translucent door.
  5724 | D:4      | Noticed jjjjhere's ghost (amateur HOBr)
  5726 | D:4      | Identified the +6 rapier "Namonlag" {venom, Int+8 Dex-2}
  6068 | D:5      | Entered Level 5 of the Dungeon
  6145 | D:5      | Slain by an ogre

Illustrated notes

Levels and vault maps discovered:
D:1:      dpeg_arrival_ternary, layout_loops_ring, serial_forest,
          infiniplex_forest_clump_cross, infiniplex_forest_lined_2,
          infiniplex_forest_end_1, infiniplex_forest_lined_3_way,
          infiniplex_forest_diagonal, infiniplex_forest_lined_room_2,
          infiniplex_forest_straight_5, infiniplex_forest_join,
          infiniplex_forest_clump_C
D:2:      layout_loops_ring
D:3:      layout_basic, zin_treasury, uniq_crazy_yiuf_cottage, uniq_terence
D:4:      layout_basic, ebering_ghost_inner_flame
D:5:      layout_basic, minmay_temple_entry_butterflies, enter_ossuary_1,
          uniq_grinder, uniq_eustachio, uniq_edmund, uniq_blork_the_orc

Skill      XL: |  1  2  3  4  5  6 |
---------------+-------------------+-----
Conjurations   | 5 6 |  6.6
Spellcasting   | 3 |  3.8
Translocations | 1 2 |  2.5
Fire Magic     | 1 |  1.2
Dodging        | |  1.7
Stealth        | |  1.7

Action                   |  1- 3 |  4- 6 || total
-------------------------+-------+-------++-------
Melee: Unarmed           |     9 |       ||     9
       Short sword       |    14 |     6 ||    20
       Tailslap          |     2 |     1 ||     3
 Cast: Magic Dart        |    95 |    73 ||   168
       Searing Ray       |       |     9 ||     9
  Use: Scroll            |       |     9 ||     9
       Potion            |       |     2 ||     2
Armor: Skin              |     3 |     6 ||     9
Dodge: Dodged            |    14 |    10 ||    24
